 Dungeon Crawl Stone Soup version 0.29.0-7-g18a832c13a (webtiles) character file.

Game seed: 14720934737891304957

1646142 mive the Slayer (level 27, 200/242 HPs)
             Began as a Merfolk Air Elementalist on Aug 28, 2022.
             Was a High Priest of Fedhas.
             Escaped with the Orb
             ... and 4 runes on Aug 30, 2022!
             The game lasted 11:50:23 (136636 turns).

mive the Slayer (Merfolk Air Elementalist)        Turns: 136636, Time: 11:50:23

Health: 200/242    AC: 35    Str: 14      XL:     27
Magic:  29/39      EV: 15    Int: 23 (24) God:    Fedhas [*****.]
Gold:   1229       SH: 14    Dex: 14      Spells: 0/50 levels left

rFire   + + +      SeeInvis .   a - +9 demon trident (elec)
rCold   + . .      Faith    .   U - +1 kite shield {rF+}
rNeg    . . .      Spirit   .   u - +8 fire dragon scales
rPois   +          Reflect  .   Y - +2 helmet {Int+3}
rElec   +          Harm     .   k - +2 cloak
rCorr   .          Rampage  .   b - +2 pair of gloves of Fortitude {rElec rPois rC+}
Will    +++..                   r - +2 pair of boots of Pesiuthe {rC+}
Stlth   +.........              z - amulet of regeneration
HPRegen 1.30/turn               X - ring of wizardry
MPRegen 0.26/turn               Q - ring "Mirag" {rElec Will+}

@: studying Air Magic
A: (nimble swimmer 2), mertail, clumsy 1, deterioration 2
0: Orb of Zot
}: 4/15 runes: decaying, serpentine, silver, abyssal
a: Renounce Religion, Wall of Briars, Grow Ballistomycete, Overgrow, Grow Oklob


You escaped.
You worshipped Fedhas.
Fedhas was extremely pleased with you.
You visited 10 branches of the dungeon, and saw 48 of its levels.
You visited the Abyss 2 times.
You visited 1 bazaar.
You also visited: Ice Cave and Wizlab.

You collected 7839 gold pieces.
You spent 6610 gold pieces at shops.

Inventory:

Hand Weapons
 a - a +9 demon trident of electrocution (weapon)
 e - the +0 staff of Battle
   (You found it on level 3 of the Elven Halls)

   It enhances your conjuration magic.
   It summons a battlesphere in combat, with strength depending on Conjurations
   skill.
   Its strikes trigger the battlesphere's blasts.
 o - the +3 greatsling "Punk" {acid, rCorr}
   (You bought it in a shop on level 11 of the Dungeon)

   Any ammunition fired from it is coated in acid, damaging and corroding those
   it strikes.
   rCorr:     It protects you from acid and corrosion.
 w - the +6 trident "Bekaeff" {protect, Will+ Int-4 Dex+5 Stlth+}
   (You bought it in a shop on level 11 of the Dungeon)

   It grants its wielder temporary protection when it strikes (+7 to AC).
   Int:       It affects your intelligence (-4).
   Dex:       It affects your dexterity (+5).
   Will:      It increases your willpower.
   Stlth:     It makes you more stealthy.
Missiles
 H - a throwing net (quivered)
Armour
 b - the +2 pair of gloves of Fortitude (worn) {rElec rPois rC+}
   (You bought it in a shop on level 1 of the Depths)

   rC:        It protects you from cold.
   rElec:     It insulates you from electricity.
   rPois:     It protects you from poison.
 k - a +2 cloak (worn)
 r - the +2 pair of boots of Pesiuthe (worn) {rC+}
   (You found it on level 1 of the Elven Halls)

   rC:        It protects you from cold.
 u - +8 fire dragon scales (worn)
 U - a +1 kite shield of fire resistance (worn)
 Y - a +2 helmet of intelligence (worn)
Magical Staves
 q - a staff of air
Jewellery
 j - the ring of Nutheoc {Contam rElec AC+4 Str+6}
   (You bought it in a shop on level 11 of the Dungeon)

   [ring of protection]

   AC:        It affects your AC (+4).
   Str:       It affects your strength (+6).
   rElec:     It insulates you from electricity.
   Contam:    It causes magical contamination when unequipped.
 z - an amulet of regeneration (around neck)
 M - a ring of positive energy
 Q - the ring "Mirag" (right hand) {rElec Will+}
   (You found it in a wizard's laboratory)

   [ring of willpower]

   rElec:     It insulates you from electricity.
   Will:      It increases your willpower.
 R - a ring of protection from cold
 X - a ring of wizardry (left hand)
 Z - a ring of see invisible
Wands
 d - a wand of paralysis (33)
 F - a wand of roots (7)
 S - a wand of quicksilver (1)
Scrolls
 c - 13 scrolls of vulnerability
 f - 6 scrolls of blinking
 g - 17 scrolls of teleportation
 h - 9 scrolls of poison
 A - 6 scrolls of butterflies
 J - a scroll of silence
 N - 9 scrolls of immolation
 T - 5 scrolls of summoning
 V - 4 scrolls of fear
Potions
 i - 12 potions of brilliance
 m - 3 potions of haste
 n - 7 potions of magic
 p - 6 potions of ambrosia
 s - 9 potions of attraction
 t - 2 potions of invisibility
 v - 8 potions of lignification
 x - 9 potions of might
 B - 13 potions of curing
 C - 3 potions of cancellation
 I - 3 potions of flight
 K - 21 potions of mutation
 O - 4 potions of resistance
 P - 9 potions of heal wounds
 W - 6 potions of berserk rage
Miscellaneous
 l - a condenser vane
 y - a tin of tremorstones (2/2)
 D - a phial of floods
 G - a phantom mirror


   Skills:
 + Level 25.2 Fighting
 - Level 14.0 Polearms
 + Level 14.1 Armour
 - Level 18.0 Dodging
 - Level 8.6 Stealth
 - Level 14.1 Shields
 - Level 12.0 Spellcasting
 + Level 12.5 Conjurations
 - Level 9.8 Hexes
 - Level 9.2 Summonings
 - Level 2.0 Translocations
 - Level 7.0 Transmutations
 - Level 11.0 Ice Magic
 + Level 14.0 Air Magic
 + Level 17.7 Invocations
 - Level 6.2 Evocations


You couldn't memorise any spells.
You knew the following spells:

 Your Spells              Type           Power      Damage    Failure   Level
a - Orb of Destruction    Conj           31%        9d10      50%         7
b - Static Discharge      Conj/Air       66%        3-12/arc  1%          2
c - Apportation           Tloc           46%        N/A       5%          1
d - Airstrike             Air            34%        2d(5-21)  1%          4
e - Frozen Ramparts       Ice            100%       1d16      1%          3
f - Blink                 Tloc           46%        N/A       9%          2
g - Freezing Cloud        Conj/Ice/Air   32%        6-21      1%          5
h - Hailstorm             Conj/Ice       61%        3d13      1%          4
i - Swiftness             Air            68%        N/A       1%          3
j - Summon Lightning Spi  Summ/Air       61%        N/A       1%          4
k - Summon Mana Viper     Hex/Summ       55%        N/A       7%          5
l - Irradiate             Conj/Tmut      28%        3d21      6%          5
m - Lightning Bolt        Conj/Air       33%        1d50      1%          5

Your spell library contained the following spells:

 Spells                   Type           Power      Damage    Failure   Level
 Freeze                   Ice            100%       1d11      1%          1
 Shock                    Conj/Air       100%       1d9       1%          1
 Slow                     Hex            100%       N/A       1%          1
 Summon Small Mammal      Summ           100%       N/A       1%          1
 Call Imp                 Summ           54%        N/A       1%          2
 Ensorcelled Hibernation  Hex/Ice        100%       N/A       1%          2
 Poisonous Vapours        Pois/Air       92%        N/A       1%          2
 Confusing Touch          Hex            56%        N/A       1%          3
 Dazzling Flash           Conj/Hex       100%       N/A       1%          3
 Mephitic Cloud           Conj/Pois/Air  53%        N/A       1%          3
 Ozocubu's Armour         Ice            59%        N/A       1%          3
 Summon Guardian Golem    Hex/Summ       55%        N/A       1%          3
 Summon Ice Beast         Ice/Summ       57%        N/A       1%          4
 Iskenderun's Battlesphe  Conj           63%        2d11      1%          5
 Sting                    Tmut/Pois      100%       1d8       2%          1
 Conjure Flame            Conj/Fire      42%        6-21      2%          3
 Stone Arrow              Conj/Erth      84%        3d12      2%          3
 Cause Fear               Hex            28%        N/A       2%          4
 Silence                  Hex/Air        31%        N/A       2%          5
 Inner Flame              Hex/Fire       36%        N/A       4%          3
 Metabolic Englaciation   Hex/Ice        29%        N/A       4%          5
 Spider Form              Tmut/Pois      29%        N/A       9%          3
 Flame Wave               Conj/Fire      42%        2d11      9%          4
 Sticky Flame             Conj/Fire      42%        2d6       9%          4
 Necrotise                Necr           52%        1d6       12%         1
 Ignite Poison            Fire/Tmut/Pois 24%        N/A       14%         3
 Gell's Gravitas          Tloc           23%        N/A       16%         3
 Lesser Beckoning         Tloc           23%        N/A       16%         3
 Teleport Other           Tloc           23%        N/A       16%         3
 Anguish                  Hex/Necr       18%        N/A       16%         4
 Leda's Liquefaction      Hex/Erth       18%        N/A       16%         4
 Scorch                   Fire           26%        2d6       17%         2
 Animate Armour           Summ/Erth      70%        N/A       17%         4
 Corpse Rot               Necr/Pois/Air  35%        N/A       17%         4
 Blade Hands              Tmut           23%        N/A       19%         5
 Petrify                  Tmut/Erth      29%        N/A       26%         4
 Vampiric Draining        Necr           13%        2d6       32%         3
 Summon Cactus Giant      Summ           27%        N/A       38%         6
 Passage of Golubria      Tloc           23%        N/A       45%         4
 Olgreb's Toxic Radiance  Pois           13%        N/A       71%         4
 Spellforged Servitor     Conj/Summ      29%        N/A       71%         7
 Iron Shot                Conj/Erth      21%        9d5       77%         6
 Manifold Assault         Tloc           23%        N/A       78%         5
 Enfeeble                 Hex            28%        N/A       85%         7
 Simulacrum               Ice/Necr       19%        N/A       86%         6
 Summon Hydra             Summ           27%        N/A       89%         7
 Agony                    Necr           13%        N/A       96%         5
 Borgnjor's Vile Clutch   Necr/Erth      6%         N/A       96%         5
 Lee's Rapid Deconstruct  Erth           6%         3d7*      96%         5
 Eringya's Noxious Bog    Tmut/Pois      14%        N/A       98%         6
 Statue Form              Tmut/Erth      19%        N/A       98%         6
 Dragon Form              Tmut           23%        N/A       99%         7
 Borgnjor's Revivificati  Necr           6%         N/A       100%        8
 Lehudib's Crystal Spear  Conj/Erth      21%        10d6      100%        8
 Necromutation            Tmut/Necr      14%        N/A       100%        8
 Death's Door             Necr           6%         N/A       100%        9
 Dragon's Call            Summ           27%        N/A       100%        9
 Fire Storm               Conj/Fire      21%        8d5       100%        9
 Polar Vortex             Ice            29%        N/A       100%        9


Dungeon Overview and Level Annotations

Branches:
Dungeon (15/15)            Temple (1/1) D:7            Lair (5/5) D:10
  Swamp (4/4) Lair:3        Snake (4/4) Lair:2        Slime (0/5) Lair:4
    Orc (2/2) D:12            Elf (3/3) Orc:2        Vaults (5/5) D:14
  Crypt (0/3) Vaults:3     Depths (4/4) D:15            Zot (5/5) Depths:4
  IceCv (visited)          WizLab (visited)

Altars:
Ashenzari
Cheibriados
Dithmenos
Elyvilon
Fedhas
Gozag
Hepliaklqana
Kikubaaqudgha
Makhleb
Nemelex Xobeh
Okawaru
Qazlal
Ru
Sif Muna
Trog
Uskayaw
Vehumet
Wu Jian
Xom
Yredelemnul
Zin
The Shining One
Jiyva
Lugonu

Shops:
D:7 *   D:9 :   D:11 *=(?(*   Orc:1 *   Orc:2 *!**   Elf:3 *?   Snake:1 [
Snake:2 *(   Vaults:1 !   Vaults:4 (   Vaults:5 !   Depths:1 [=:

Portals:
Hell: Depths:1 Depths:2 Depths:3 Depths:4
Abyss: Lair:5 Depths:3
Pandemonium: Depths:1 Depths:2
Ziggurat: Depths:1

Annotations:
D:6 2 transporters, exclusion: scorpion, Fv001's ghost, novice FoHu; Prince Ribbit
D:13 2 transporters, Yqoodd's ghost, journeyman GnWr
Lair:3 1 runed translucent door, Xiemaice's ghost, journeyman DrFE
Lair:5 2 transporters, exclusion: ice statue, camille's ghost, journeyman BaIE
Elf:1 exclusions: 3 doors and orange crystal statue
Zot:2 exclusion: 4 doors


Innate Abilities, Weirdness & Mutations

((You are very nimble when in or above water. (Stealth+, EV+, Speed+++)))
Your lower body shifts to a powerful aquatic tail in water.
You are clumsy. (Dex -2)
Your body often deteriorates upon taking damage.


Message History

You feel much better.
You feel much better.
(D) Dungeon (T) Temple (L) Lair (S) Swamp (P) Snake Pit (M) Slime Pits (O) Orcish Mines (E) Elven Halls (V) Vaults (C) Crypt (U) Depths (H) Hell (Z) Zot
Where to? (Enter - D:1 @ (x,y), ? - help)
What level of the Dungeon? (default 1, ? - help) Key pressed, stopping travel.
Char dumped successfully.
Unknown command.
Unknown command.
(D) Dungeon (T) Temple (L) Lair (S) Swamp (P) Snake Pit (M) Slime Pits (O) Orcish Mines (E) Elven Halls (V) Vaults (C) Crypt (U) Depths (H) Hell (Z) Zot
Where to? (Enter - D:1 @ (x,y), ? - help)
What level of the Dungeon? (default 1, ? - help) Magic restored.
Your mana viper disappears in a puff of smoke!
Your extra speed is starting to run out.
You feel yourself slow down.
There is an empty arch of ancient stone here.
Your legs become a tail as you enter the water.
The +2 pair of boots of Pesiuthe {rC+} melds into your body.
The +2 pair of boots of Pesiuthe {rC+} unmelds from your body.
There is a staircase leading out of the dungeon here.
As you read the scroll of summoning, it crumbles to dust.
Wisps of shadow whirl around you...
As you read the scroll of summoning, it crumbles to dust.
Wisps of shadow whirl around you...
As you read the scroll of summoning, it crumbles to dust.
Wisps of shadow whirl around you...
Casting: Summon Mana Viper (mildly dangerous; 7% risk of failure)
Confirm with . or Enter, or press ? or * to list all spells.
Nothing appears to happen.
Casting: Summon Mana Viper (mildly dangerous; 7% risk of failure)
Confirm with . or Enter, or press ? or * to list all spells.
Nothing appears to happen.
You have escaped!

#.##...~...# #.# #.#
#.##.⌠.~.⌠.# #.# #.#
##.##...~...# #.#
#.## #...#.⌠.~.⌠.#
#.######.#.
#..##...~...#
#§.........
#...#.⌠.h.⌠.#
#........#.
#.###.gShgB.#
##.###.#.#. #.#
###lgB### #.# #.#.#.
#.# ##@## #.# #.#.#.
#.########### #.#
#.#.#. #...........#
#.# #.....
########.##.# #.#
#...##
###.##.####.###...##
#...............#.#.
#.....#####.###.....
#...............###.
#.....#####.........


You could see 2 friendly jackals, 2 friendly giant cockroaches, 2 friendly
hobgoblins, a friendly goblin (summoned), a friendly ball python (summoned) and
a friendly frilled lizard (summoned).

Vanquished Creatures
  A dread lich (Zot:5)
  3 ancient liches
  Mara (Vaults:2)
  3 orbs of fire
  Boris (Vaults:2)
  3 Killer Klowns
  Saint Roka (Vaults:2)
  2 curse toes
  9 golden dragons
  A bone dragon (Depths:4)
  A Brimstone Fiend (D:1)
  2 electric golems
  11 tentacled monstrosities
  A walking earthen tome (Depths:3)
  3 liches
  Mlioglotl (Snake:3)
  2 deep elf blademasters (Elf:3)
  10 Orb Guardians
  A deep elf master archer (Elf:3)
  A walking frostbound tome (Depths:2)
  7 titans
  Asterion (Depths:2)
  10 quicksilver dragons
  10 death cobs
  Gastronok (Lair:1)
  2 sphinxes
  Frances (Swamp:1)
  2 tentacled starspawn (Abyss:3)
  Kirke (D:13)
  11 storm dragons
  9 nagarajas
  6 shadow dragons
  5 tengu reavers
  4 draconian monks
  A revenant (Vaults:3)
  A fenstrider witch (Swamp:2)
  6 fire giants
  25 vault wardens
  2 deep elf sorcerers
  3 draconian knights (Zot:2)
  2 iron dragons
  Aizul (Snake:4)
  16 frost giants
  5 deep elf elementalists (Elf:3)
  Louise (Swamp:1)
  2 orc warlords (Orc:2)
  2 draconian scorchers
  2 draconian shifters
  21 ironbound preservers
  20 very ugly things
  A reaper (Depths:2)
  5 draconian annihilators
  4 draconian stormcallers
  3 war gargoyles
  8 ironbound thunderhulks
  17 stone giants
  9 deep elf demonologists
  7 green draconians
  5 vampire knights
  4 eleionomae
  2 entropy weavers
  5 white draconians
  5 bunyips
  8 red draconians
  9 dire elephants
  6 deep elf annihilators
  6 purple draconians
  4 black draconians
  11 spark wasps
  5 yellow draconians
  5 deep elf death magi
  A merfolk impaler (Depths:1)
  9 ettins
  A green death (Abyss:3)
  A crystal guardian (Abyss:3)
  Josephine (D:11)
  13 fire dragons
  7 deep elf high priests
  7 great orbs of eyes
  12 yaktaur captains
  13 hydras
  3 ghost crabs
  5 ice dragons
  43 vault guards
  10 ironbound frosthearts
  5 boulder beetles
  9 anacondas
  2 catoblepae
  2 rakshasas
  A peacekeeper (Vaults:3)
  3 spriggan air magi
  13 two-headed ogres
  6 ogre magi
  An anaconda (shapeshifter) (Depths:3)
  3 salamander tyrants (Snake:4)
  5 centaur warriors
  20 dancing weapons
  6 alligators
  19 naga warriors
  5 deep troll shamans
  6 deep troll earth magi
  8 tengu warriors
  10 death yaks
  3 spriggan berserkers
  6 hell knights (Depths:3)
  7 thrashing horrors
  Urug (D:13)
  9 deep elf knights (Elf:2)
  15 naga sharpshooters
  An orc high priest (Orc:1)
  A soul eater (Depths:2)
  8 shock serpents
  7 salamander mystics
  2 fire crabs (Swamp:4)
  A sixfirhy (Abyss:2)
  3 iron trolls
  46 deep trolls
  3 sea snakes (Snake:2)
  4 goliath frogs
  A sea snake (shapeshifter) (D:14)
  3 skeletal warriors (D:15)
  A flayed ghost (Depths:3)
  4 glowing orange brains
  11 naga ritualists
  8 swamp dragons
  A bog body (Swamp:2)
  2 spriggan druids
  9 deep elf archers
  A spark wasp zombie (Depths:1)
  7 wizards
  6 harpies
  29 ironbound convokers
  A lindwurm (shapeshifter) (WizLab)
  6 phantasmal warriors
  9 orc knights
  4 necromancers
  A golden dragon skeleton (Depths:1)
  6 lindwurms
  25 deep elf pyromancers
  A mana viper (shapeshifter) (WizLab)
  30 ugly things
  9 mana vipers
  4 orc sorcerers
  3 will-o-the-wisps
  An iron dragon zombie (Vaults:3)
  A worldbinder (Abyss:2)
  22 deep elf zephyrmancers
  6 cyclopes
  30 salamanders
  2 salamanders (shapeshifter) (WizLab)
  20 moths of wrath
  4 manticores
  A moth of wrath (shapeshifter) (Vaults:5)
  15 large abominations
  5 guardian serpents
  An elephant (shapeshifter) (Vaults:5)
  23 elephants
  19 vault sentinels
  An iron dragon skeleton (Depths:1)
  17 naga magi
  41 black mambas
  A torpor snail (Lair:4)
  A smoke demon (Abyss:3)
  A rust devil (Zot:3)
  6 cane toads
  2 gargoyles (D:11)
  3 unseen horrors (shapeshifter) (WizLab)
  An unseen horror (D:11)
  An orange demon (Depths:2)
  Psyche (D:8)
  A rime drake (Lair:2)
  5 komodo dragons
  30 yaktaurs
  2 efreet
  2 hellions
  2 rime drakes (shapeshifter) (WizLab)
  2 tormentors (Abyss:3)
  2 freezing wraiths
  A yaktaur (shapeshifter) (WizLab)
  A komodo dragon (shapeshifter) (WizLab)
  4 tengu conjurers
  A hellwing (Depths:2)
  4 ancient zymes
  9 trolls
  2 polar bears (Lair:3)
  A yaktaur skeleton (Vaults:3)
  2 meliai (shapeshifter) (WizLab)
  A queen bee (D:9)
  A tarantella (shapeshifter) (WizLab)
  A polar bear (shapeshifter) (Elf:2)
  A tyrant leech (shapeshifter) (WizLab)
  6 hornets
  6 tyrant leeches
  25 blink frogs
  Grinder (D:3)
  4 saltlings (Orc:2)
  3 raiju (Abyss:2)
  34 slime creatures
  A dream sheep (shapeshifter) (D:15)
  3 culicivoras (shapeshifter) (WizLab)
  A centaur simulacrum (D:15)
  27 yaks
  2 shadows
  6 spriggans
  2 air elementals (Elf:2)
  5 water elementals
  2 ynoxinuls (Lair:5)
  4 hogs (D:13)
  A human (shapeshifter) (WizLab)
  An ettin skeleton (Abyss:2)
  A wyvern (shapeshifter) (Depths:3)
  11 wyverns
  7 wraiths
  A spriggan (shapeshifter) (Lair:5)
  7 basilisks
  4 fire bats (Abyss:3)
  6 fire elementals
  An iron golem (WizLab)
  3 chaos spawn
  2 steam dragons
  15 vampire mosquitoes
  A neqoxec (Depths:2)
  2 death yak simulacra
  6 wargs
  A swamp worm (shapeshifter) (WizLab)
  12 swamp worms
  40 nagas
  3 acid dragons
  A harpy simulacrum (IceCv)
  Edmund (D:4)
  18 water moccasins
  A hell hound (D:4)
  4 floating eyes (WizLab)
  15 swamp drakes
  4 nameless horrors
  A sky beast (D:7)
  2 black bears
  33 orc warriors
  2 ice beasts (D:5)
  2 black bears (shapeshifter)
  16 ogres
  4 boggarts (Vaults:3)
  15 wolves
  11 centaurs
  A phantom (D:7)
  An elf simulacrum (Vaults:1)
  12 bullfrogs
  7 earth elementals
  4 gnoll sergeants
  2 necrophages
  2 two-headed ogre simulacra (D:13)
  A scorpion (D:4)
  2 human skeletons (Vaults:3)
  5 wights (D:8)
  12 small abominations
  20 killer bees (D:9)
  5 howler monkeys
  4 electric eels
  3 quasits
  2 gnoll boudas
  17 orc priests
  3 hounds
  2 jellies
  4 iguanas
  16 orc wizards
  A spriggan simulacrum (D:13)
  A troll simulacrum (D:13)
  3 wolf simulacra
  35 gnolls
  9 adders
  2 naga simulacra (D:13)
  A shadow imp (D:5)
  A white imp (D:8)
  3 worms
  6 dart slugs
  81 orcs
  6 ball pythons
  5 bats
  8 endoplasms
  3 giant cockroaches
  5 goblins
  4 hobgoblins (D:4)
  3 jackals (D:4)
  A quokka (D:1)
  4 frilled lizards
  8 kobolds
  5 rats
  3 ballistomycete spores
  6 pillars of salt (Orc:2)
  2 starspawn tentacles (Abyss:3)
1935 creatures vanquished.

Vanquished Creatures (collateral kills)
  2 ancient liches
  A juggernaut (Depths:2)
  3 Killer Klowns (Zot:5)
  A curse toe (Zot:3)
  2 golden dragons
  A mutant beast (WizLab)
  A Brimstone Fiend (D:3)
  6 tentacled monstrosities
  A lich (Abyss:3)
  12 Orb Guardians
  3 titans
  2 tengu reavers
  2 storm dragons
  A death cob (Zot:3)
  A draconian monk (Zot:1)
  2 draconian knights
  A vault warden (Vaults:4)
  A frost giant (Depths:2)
  A deep elf sorcerer (Vaults:5)
  A draconian shifter (Zot:2)
  2 ghost moths
  An ironbound preserver (Vaults:2)
  A stone giant (Depths:2)
  An ironbound thunderhulk (Vaults:2)
  3 very ugly things
  A green draconian (Zot:5)
  A vampire knight (Depths:3)
  A black draconian (Zot:5)
  2 dire elephants
  2 red draconians (Zot:5)
  A yellow draconian (Zot:5)
  2 white draconians
  3 ettins
  A fire dragon (Depths:4)
  A deep elf death mage (Vaults:5)
  A great orb of eyes (Vaults:2)
  A deep elf high priest (Vaults:5)
  A boulder beetle (D:14)
  4 ironbound frosthearts (Vaults:2)
  2 vault guards (Vaults:2)
  A rakshasa (Depths:1)
  A thrashing horror (Lair:5)
  A vampire mage (Depths:1)
  A flayed ghost (Depths:4)
  4 deep trolls (Vaults:2)
  An obsidian statue (Zot:5)
  An ugly thing (WizLab)
  A worldbinder (Abyss:3)
  A moth of wrath (Zot:5)
  A black mamba (Snake:1)
  3 vault sentinels (Vaults:2)
  2 ice statues (IceCv)
  A hornet (D:9)
  A yak (D:10)
  A chaos spawn (Abyss:3)
  A floating eye (shapeshifter) (WizLab)
  2 small abominations (WizLab)
  4 killer bees (D:9)
  79 ballistomycete spores
184 creatures vanquished.

Vanquished Creatures (others)
  A shambling mangrove (Swamp:4)
  A ghost crab (Swamp:4)
  A hydra (Swamp:4)
  A spriggan (Swamp:4)
  A bog body (Swamp:4)
  An oklob plant (Abyss:3)
  An ancient zyme (Abyss:3)
  4 bloated husks
  A hornet (Swamp:4)
  A steam dragon (Swamp:4)
  An orc (Orc:2)
  7 ballistomycete spores
  A bush (Lair:5)
  6 foxfires (Swamp:1)
  52 fungi
  10 pillars of salt (Orc:2)
  80 plants
  7 starspawn tentacles (Abyss:3)
177 creatures vanquished.

Grand Total: 2296 creatures vanquished

Notes
Turn   | Place    | Note
-------+----------+-------------------------------------------
     0 | D:1      | mive the Merfolk Air Elementalist began the quest for the
                  | Orb.
     0 | D:1      | Reached XP level 1. HP: 13/13 MP: 3/3
   225 | D:1      | Reached skill level 1 in Conjurations
   407 | D:1      | Reached XP level 2. HP: 19/19 MP: 0/5
   418 | D:1      | Learned a level 2 spell: Static Discharge
  1066 | D:1      | Reached XP level 3. HP: 24/24 MP: 3/6
  2540 | D:3      | Noticed Grinder
  2572 | D:3      | Reached XP level 4. HP: 20/30 MP: 0/8
  2990 | D:3      | Reached XP level 5. HP: 35/35 MP: 6/9
  3505 | D:4      | Learned a level 3 spell: Swiftness
  4055 | D:4      | !!! perfect teleport !!!
  4496 | D:3      | Reached XP level 6. HP: 41/41 MP: 5/11
  4885 | D:4      | Noticed Ijyb
  4892 | D:4      | Noticed Ijyb
  4892 | D:4      | Ijyb changed into Ijyb the gnoll
  4893 | D:4      | Noticed Ijyb
  4893 | D:4      | Ijyb the gnoll changed into Ijyb the goblin
  4897 | D:4      | Killed Ijyb the goblin
  4897 | D:4      | Noticed Edmund
  5300 | D:4      | Killed Edmund
  5301 | D:4      | Reached skill level 1 in Fighting
  5301 | D:4      | Reached XP level 7. HP: 49/49 MP: 9/13
  5519 | D:4      | Found a broken altar of Ashenzari.
  5528 | D:4      | Found an ornate altar of the Wu Jian Council.
  5738 | D:4      | Learned a level 4 spell: Airstrike
  5739 | D:5      | Entered Level 5 of the Dungeon
  5775 | D:5      | You fall into a shaft and drop 1 floor!
  5800 | D:6      | Noticed Prince Ribbit
  5958 | D:6      | Found a transporter.
  5985 | D:5      | Reached skill level 2 in Fighting
  5985 | D:5      | Reached skill level 1 in Armour
  6399 | D:5      | Reached skill level 3 in Fighting
  6483 | D:5      | Reached XP level 8. HP: 52/58 MP: 4/14
  6623 | D:5      | Reached skill level 4 in Fighting
  6939 | D:6      | Noticed Fv001's ghost (novice FoHu)
  7615 | D:6      | Reached skill level 5 in Fighting
  7615 | D:6      | Reached skill level 5 in Air Magic
  8019 | D:6      | Found a transporter.
  8455 | D:7      | Found a staircase to the Ecumenical Temple.
  8471 | Temple   | Entered the Ecumenical Temple
  8509 | Temple   | Became a worshipper of Fedhas Madash
  9022 | D:7      | Reached skill level 1 in Invocations
  9234 | D:7      | Learned a level 3 spell: Frozen Ramparts
  9422 | D:7      | Reached skill level 6 in Fighting
  9422 | D:7      | Reached XP level 9. HP: 64/69 MP: 5/15
  9766 | D:7      | Found Qafair's General Store.
  9769 | D:7      | Bought a scroll of fear for 44 gold pieces
  9769 | D:7      | Bought a wand of quicksilver (6) for 277 gold pieces
 10140 | D:8      | Noticed Psyche
 10410 | D:7      | Reached * piety under Fedhas
 10633 | D:8      | Found a hazy altar of Hepliaklqana.
 11230 | D:8      | Killed Psyche
 11251 | D:8      | Reached skill level 7 in Fighting
 11772 | D:9      | Found Ugeola Soca's Book Boutique.
 11893 | D:9      | Reached skill level 1 in Polearms
 12005 | D:8      | Reached XP level 10. HP: 51/79 MP: 5/16
 12326 | D:8      | Reached skill level 5 in Invocations
 12416 | D:8      | Reached ** piety under Fedhas
 12860 | D:9      | Reached skill level 8 in Fighting
 13815 | D:9      | Reached skill level 5 in Armour
 14065 | D:9      | Reached skill level 5 in Polearms
 14661 | D:10     | Entered Level 10 of the Dungeon
 14706 | D:10     | Identified the +1 scimitar of the Volcano {protect, Contam
                  | Dex+5}
 15015 | D:10     | Reached skill level 9 in Fighting
 15015 | D:10     | Reached XP level 11. HP: 77/89 MP: 8/17
 15029 | D:10     | Reached *** piety under Fedhas
 15109 | D:10     | Noticed a two-headed ogre
 15361 | D:10     | Killed a two-headed ogre
 16200 | D:10     | Noticed a two-headed ogre
 16212 | D:10     | Killed a two-headed ogre
 16254 | D:10     | Reached skill level 5 in Dodging
 16536 | D:10     | Found a staircase to the Lair.
 16925 | D:11     | Identified the +3 leather armour of Twilight {rF- Regen+
                  | Str+2 Int+7}
 17013 | D:11     | Found Gukoaxah's Antique Weapon Shoppe.
 17019 | D:11     | Noticed a cyclops
 17309 | D:11     | Found Lohole's Elemental Accessories.
 17327 | D:11     | Found Ifrog's Jewellery Shoppe.
 17335 | D:11     | Noticed Josephine
 17350 | D:11     | Killed Josephine
 17385 | D:11     | Noticed a manticore
 17392 | D:11     | Killed a manticore
 17552 | D:11     | Found Vedghil's Magic Scroll Emporium.
 17558 | D:11     | Bought a scroll of identify for 34 gold pieces
 17558 | D:11     | Bought a scroll of butterflies for 68 gold pieces
 17558 | D:11     | Bought a scroll of identify for 34 gold pieces
 17567 | D:11     | Found Dyzexying's Weapon Boutique.
 17582 | D:11     | Found Dikaxzen's Assorted Antiques.
 17589 | D:11     | Bought a scroll of identify for 52 gold pieces
 17950 | D:11     | Reached XP level 12. HP: 64/96 MP: 2/19
 18190 | D:11     | Reached skill level 10 in Invocations
 18812 | Lair:1   | Entered Level 1 of the Lair of Beasts
 18936 | Lair:1   | Reached skill level 1 in Ice Magic
 19228 | Lair:1   | Learned a level 2 spell: Blink
 19266 | Lair:1   | Noticed Gastronok
 19296 | Lair:1   | Killed Gastronok
 19303 | Lair:1   | Reached skill level 1 in Shields
 20175 | Lair:1   | Reached skill level 10 in Fighting
 20731 | Lair:2   | Reached skill level 5 in Spellcasting
 21326 | Lair:2   | Reached skill level 1 in Translocations
 21433 | Lair:2   | Noticed a catoblepas
 21441 | Lair:2   | Noticed a boulder beetle
 22181 | Lair:2   | Killed a boulder beetle
 22466 | Lair:2   | Killed a catoblepas
 22584 | Lair:2   | Found a staircase to the Snake Pit.
 22596 | Lair:2   | Reached skill level 10 in Polearms
 22973 | Lair:3   | Reached **** piety under Fedhas
 22974 | Lair:3   | Reached XP level 13. HP: 95/104 MP: 17/22
 23242 | Snake:1  | Entered Level 1 of the Snake Pit
 23867 | Lair:3   | Found a runed translucent door.
 23870 | Lair:3   | Noticed Xiemaice's ghost (journeyman DrFE)
 24213 | Lair:3   | Reached skill level 11 in Fighting
 24984 | Lair:3   | Reached skill level 5 in Shields
 25238 | Lair:3   | Found a staircase to the Swamp.
 25568 | Lair:4   | Found a staircase to the Slime Pits.
 25568 | Lair:4   | Found a viscous altar of Jiyva.
 27852 | Lair:5   | Entered Level 5 of the Lair of Beasts
 27852 | Lair:5   | Found a transporter.
 27876 | Lair:5   | Found a transporter.
 27887 | Lair:5   | Noticed camille's ghost (journeyman BaIE)
 29225 | Lair:5   | Reached skill level 12 in Fighting
 29397 | Lair:5   | Reached XP level 14. HP: 114/115 MP: 1/23
 31099 | Lair:5   | Reached ***** piety under Fedhas
 33383 | Lair:5   | Reached skill level 13 in Fighting
 33936 | Lair:5   | Found a corrupted altar of Lugonu.
 33936 | Lair:5   | Found a one-way gate to the infinite horrors of the Abyss.
 35787 | D:12     | Found a staircase to the Orcish Mines.
 36460 | D:11     | Reached XP level 15. HP: 101/124 MP: 8/24
 37017 | D:13     | Found a frozen archway.
 37017 | D:13     | Noticed Urug
 37055 | D:13     | Killed Urug
 37128 | D:13     | Reached skill level 5 in Conjurations
 37249 | IceCv    | Entered an ice cave
 37382 | IceCv    | Found a transporter.
 37401 | IceCv    | Found a transporter.
 37827 | D:13     | Noticed Kirke
 37955 | D:13     | Killed Kirke
 37956 | D:13     | Reached skill level 1 in Evocations
 39246 | D:13     | Noticed Yqoodd's ghost (journeyman GnWr)
 39274 | D:13     | Found a transporter.
 39277 | D:13     | Found a transporter.
 39892 | D:11     | Bought a bloodstained trident for 306 gold pieces
 39892 | D:11     | Identified the +6 trident "Bekaeff" {protect, Will+ Int-4
                  | Dex+5 Stlth+} (You bought it in a shop on level 11 of the
                  | Dungeon)
 41324 | D:14     | Reached skill level 14 in Fighting
 41885 | D:14     | Found a gate to the Vaults.
 43281 | D:15     | Entered Level 15 of the Dungeon
 44711 | D:15     | Reached skill level 5 in Evocations
 45100 | D:15     | Found a staircase to the Depths.
 45100 | D:15     | Noticed a frost giant
 45362 | Orc:1    | Entered Level 1 of the Orcish Mines
 45398 | Orc:1    | Learned a level 5 spell: Freezing Cloud
 45530 | Orc:1    | Found Durhaf's General Store.
 45576 | Orc:1    | Reached XP level 16. HP: 130/134 MP: 8/25
 45787 | Orc:1    | Found a bloodstained altar of Trog.
 46139 | Orc:2    | Entered Level 2 of the Orcish Mines
 46288 | Orc:2    | Found a staircase to the Elven Halls.
 48198 | Orc:2    | Reached ****** piety under Fedhas
 49601 | Orc:2    | Found Keor's Distillery.
 49603 | Orc:2    | Found Tigu's General Store.
 49697 | Orc:2    | Reached skill level 10 in Dodging
 50074 | Orc:2    | Found Lota's General Store.
 50114 | Orc:2    | Found Xuwa's Assorted Antiques.
 50117 | Orc:2    | Reached skill level 15 in Fighting
 50480 | Orc:2    | Bought a potion of heal wounds for 75 gold pieces
 50480 | Orc:2    | Bought a potion of invisibility for 120 gold pieces
 50499 | Orc:2    | Bought a potion of heal wounds for 50 gold pieces
 50499 | Orc:2    | Bought a potion of haste for 100 gold pieces
 50499 | Orc:2    | Bought a potion of haste for 100 gold pieces
 50812 | Swamp:1  | Entered Level 1 of the Swamp
 50827 | Swamp:1  | Noticed Frances
 50839 | Swamp:1  | Killed Frances
 51579 | Swamp:1  | Noticed Louise
 51592 | Swamp:1  | Killed Louise
 51890 | Swamp:1  | Noticed a thorn hunter
 52354 | Swamp:2  | Noticed a fenstrider witch
 52488 | Swamp:2  | Noticed a thorn hunter
 53257 | Swamp:2  | Reached skill level 5 in Ice Magic
 53734 | Swamp:2  | Killed a fenstrider witch
 55815 | Swamp:4  | Entered Level 4 of the Swamp
 56002 | Swamp:4  | Reached XP level 17. HP: 144/144 MP: 16/27
 57022 | Swamp:4  | Reached skill level 16 in Fighting
 58517 | Swamp:3  | HP: 7/144 [poison (poison gas)]
 58522 | Swamp:3  | HP: 6/144 [poison (poison gas)]
 59658 | Swamp:4  | Got a decaying rune of Zot
 60044 | Snake:1  | Learned a level 4 spell: Hailstorm
 60343 | Snake:1  | Identified a scroll of acquirement
 60344 | Snake:1  | Acquired a staff of air
 60953 | Snake:1  | Found Nit Caad's Armour Shoppe.
 61188 | Snake:1  | Reached XP level 18. HP: 153/153 MP: 28/28
 63430 | Snake:2  | Found Xoefiw's Assorted Antiques.
 63437 | Snake:2  | Found Urod Pina's Weapon Boutique.
 63813 | Snake:2  | Found a glowing golden altar of the Shining One.
 65830 | Snake:3  | Reached skill level 17 in Fighting
 65952 | Snake:3  | Reached XP level 19. HP: 156/161 MP: 24/30
 66057 | Snake:3  | !!! wow. second exp potion in snake !!!
 66057 | Snake:3  | Reached XP level 20. HP: 168/168 MP: 31/31
 66782 | Snake:3  | Noticed Mlioglotl
 66795 | Snake:3  | Killed Mlioglotl
 68044 | Snake:4  | Entered Level 4 of the Snake Pit
 68216 | Snake:4  | Upgraded the game from 0.29.0-5-ge4962eb29e to
                  | 0.29.0-7-g18a832c13a
 69460 | Snake:4  | Reached skill level 10 in Armour
 71039 | Snake:4  | Noticed Aizul
 71132 | Snake:4  | Killed Aizul
 72599 | Snake:4  | Reached skill level 18 in Fighting
 74470 | Snake:4  | Got a serpentine rune of Zot
 75682 | Snake:2  | Bought a scroll of fear for 160 gold pieces
 75971 | Elf:1    | Entered Level 1 of the Elven Halls
 76767 | Elf:1    | Identified the +2 pair of boots of Pesiuthe {rC+}
 77031 | Elf:1    | Reached XP level 21. HP: 178/178 MP: 17/34
 77365 | Elf:1    | Got the Anthology of Accompaniment
 79490 | Elf:2    | Found a runed translucent gate.
 79491 | Elf:2    | Found a runed translucent gate.
 79491 | Elf:2    | Found a runed translucent gate.
 81066 | Elf:2    | Reached skill level 15 in Invocations
 81948 | Elf:3    | Entered Level 3 of the Elven Halls
 82323 | Elf:3    | Learned a level 1 spell: Apportation
 82546 | Elf:3    | Found Pasim Imn's Magic Scroll Shop.
 82643 | Elf:3    | Found Juhereeth's Gadget Gallery.
 82647 | Elf:3    | Bought a wand of roots (2) for 48 gold pieces
 83414 | Elf:3    | Identified the +8 battleaxe "Xiysaugu" {elec, Dex+2}
 83509 | Elf:3    | Reached skill level 19 in Fighting
 84789 | Elf:3    | Reached skill level 10 in Spellcasting
 84793 | Elf:3    | Identified the +5 short sword of Hetownine {venom, rElec
                  | rF- rC+++ rCorr}
 85418 | Elf:3    | Got Kuovafu's Collected Works on the Loathsome Sky
 85446 | Elf:3    | Found the +0 staff of Battle
 86108 | Elf:3    | Found Pasim Imn's Magic Scroll Shop.
 86171 | Elf:3    | Found Juhereeth's Gadget Gallery.
 86618 | Elf:3    | Bought a scroll of blinking for 120 gold pieces
 86777 | D:11     | Bought an encrusted trident for 306 gold pieces
 86777 | D:11     | Identified the +4 trident of the Traitor {freeze, Dex+4
                  | Stlth+} (You bought it in a shop on level 11 of the
                  | Dungeon)
 87046 | Vaults:1 | Entered Level 1 of the Vaults
 87047 | Vaults:1 | Identified the +2 chain mail of the Jolly Ears {rPois
                  | Str+5}
 88214 | Vaults:1 | Learned a level 4 spell: Summon Lightning Spire
 88220 | Vaults:1 | Learned a level 5 spell: Summon Mana Viper
 88462 | Vaults:1 | Reached skill level 15 in Dodging
 88635 | Vaults:1 | Reached skill level 1 in Summonings
 88791 | Vaults:1 | Reached skill level 1 in Hexes
 88979 | Vaults:1 | Reached XP level 22. HP: 187/188 MP: 26/36
 89380 | Vaults:1 | Reached skill level 10 in Shields
 89762 | Vaults:1 | Found Muhicot's Distillery.
 89982 | Vaults:1 | Bought a potion of heal wounds for 90 gold pieces
 89982 | Vaults:1 | Bought a potion of heal wounds for 90 gold pieces
 90764 | Vaults:2 | Noticed Mara
 90769 | Vaults:2 | Noticed mive's illusion
 90773 | Vaults:2 | Killed Mara
 90862 | Vaults:2 | Reached skill level 20 in Fighting
 91597 | Vaults:2 | You fall into a shaft and drop 2 floors!
 91667 | Vaults:3 | Found a magical portal.
 91674 | WizLab   | Entered Cigotuvi's Fleshworks
 92151 | WizLab   | Got Cigotuvi's Precepts of Evil Changing
 92977 | WizLab   | Identified the ring "Mirag" {rElec Will+}
 92990 | WizLab   | Paralysed by a floating eye for 4 turns
 95445 | D:3      | Killed Grinder
 96567 | Vaults:2 | Noticed Boris
 96714 | Vaults:2 | Killed Boris
 96715 | Vaults:2 | Reached skill level 5 in Hexes
 96715 | Vaults:2 | Reached skill level 5 in Summonings
 96877 | Vaults:2 | Identified the +5 ring mail "Wotsuun" {rF+ Slay+3}
 97558 | Vaults:2 | Noticed Saint Roka
 97942 | Vaults:2 | Killed Saint Roka
 98414 | Vaults:2 | Reached XP level 23. HP: 199/199 MP: 29/37
 98415 | Vaults:2 | Reached skill level 21 in Fighting
 98749 | Vaults:2 | Learned a level 5 spell: Irradiate
 98898 | Vaults:2 | Reached skill level 1 in Transmutations
 99609 | Vaults:3 | Found a staircase to the Crypt.
100220 | Vaults:3 | Noticed a golden dragon
100735 | Vaults:3 | Killed a golden dragon
101417 | Vaults:3 | Reached skill level 5 in Transmutations
102846 | Vaults:4 | Found Qegi's Weapon Shoppe.
104411 | Vaults:4 | Reached skill level 22 in Fighting
105502 | D:11     | Bought the +3 greatsling "Punk" {acid, rCorr} for 344 gold
                  | pieces
105502 | D:11     | Found the +3 greatsling "Punk" {acid, rCorr}
105749 | Depths:1 | Entered Level 1 of the Depths
105845 | Depths:1 | Found a one-way gate leading to the halls of Pandemonium.
105851 | Depths:1 | Found Juupp's Armour Shoppe.
105877 | Depths:1 | Found a flickering gateway to a bazaar.
105903 | Bazaar   | Entered a bazaar
105928 | Bazaar   | Found Emmuza's Book Shop.
105950 | Bazaar   | Found Modunaipu's Antique Armour Shop.
105984 | Bazaar   | Bought a book of Storms for 512 gold pieces
106015 | Depths:1 | Found Aroubupo's Jewellery Emporium.
106017 | Depths:1 | Found Buhizidyca's Book Shoppe.
106096 | Depths:1 | Bought the +2 pair of gloves of Fortitude {rElec rPois rC+}
                  | for 516 gold pieces
106444 | Depths:1 | Found a one-way gateway to a ziggurat.
106560 | Depths:1 | Found a gateway to Hell.
106926 | Depths:1 | Identified the +9 long sword "Tattao" {drain, *Slow rElec
                  | rPois Stlth-}
107054 | Depths:1 | Found a sparkling altar of Nemelex Xobeh.
107567 | Depths:2 | Noticed an ancient lich
107584 | Depths:1 | Reached XP level 24. HP: 130/210 MP: 21/37
108519 | Depths:2 | Got the Parchment of Blight
108540 | Depths:2 | Killed an ancient lich
110017 | Elf:3    | Bought a scroll of enchant armour for 120 gold pieces
110522 | Depths:2 | Noticed Asterion
110523 | Depths:2 | Found a broken altar of Ashenzari.
110541 | Depths:2 | Killed Asterion
110742 | Depths:2 | Identified the +7 short sword "Vaafa" {speed, Str+4 Dex+3}
110830 | Depths:2 | Identified the +3 sling "Ecsofur" {vorpal, *Slow rElec
                  | rC+++ Int+3}
111095 | Depths:2 | Noticed a juggernaut
111798 | Depths:2 | Killed a juggernaut
112133 | Depths:2 | Got the Handbook of Attacks
112986 | Depths:3 | Learned a level 5 spell: Lightning Bolt
114379 | Depths:3 | Found a stormy altar of Qazlal.
114921 | Depths:3 | Got the Directory of Hot Blows and Bruises
115400 | Depths:4 | Entered Level 4 of the Depths
115661 | Depths:4 | Reached skill level 23 in Fighting
116047 | Depths:4 | Reached skill level 10 in Conjurations
116060 | Depths:4 | Reached XP level 25. HP: 158/206 MP: 16/38
117359 | Depths:4 | Found a gate to the Realm of Zot.
117476 | Depths:4 | Identified the +11 great sword "Orb Guardian's Doom"
                  | {vorpal, Str-3 Dex+6}
119346 | Orc:2    | Bought a potion of flight for 30 gold pieces
119688 | Depths:3 | Voluntarily entered the Abyss.
119868 | Abyss:2  | Found a corrupted altar of Lugonu.
119944 | Depths:3 | Escaped the Abyss
119981 | Depths:3 | Voluntarily entered the Abyss.
120017 | Abyss:3  | Found a corrupted altar of Lugonu.
120043 | Abyss:3  | Found a corrupted altar of Lugonu.
120044 | Abyss:3  | Reached XP level 26. HP: 221/229 MP: 22/38
120063 | Abyss:3  | Got an abyssal rune of Zot
120112 | Abyss:3  | Found a corrupted altar of Lugonu.
120413 | Depths:3 | Escaped the Abyss
120751 | Vaults:5 | Entered Level 5 of the Vaults
120774 | Vaults:5 | Noticed an ancient lich
121164 | Vaults:5 | Reached skill level 10 in Air Magic
121486 | Vaults:5 | Identified the +8 scimitar of Sulizim {antimagic, rElec
                  | rPois Int+4}
121540 | Vaults:5 | Reached skill level 24 in Fighting
122490 | Vaults:5 | Noticed an ancient lich
122499 | Vaults:5 | Killed an ancient lich
122512 | Vaults:5 | Noticed an ancient lich
122656 | Vaults:5 | Identified the +9 war axe of Corruption {freeze, rCorr}
122951 | Vaults:5 | Reached skill level 10 in Ice Magic
122998 | Vaults:5 | Found Plog's Distillery.
123018 | Vaults:5 | Reached XP level 27. HP: 214/235 MP: 35/39
123111 | Vaults:5 | Killed an ancient lich
123924 | Vaults:5 | Identified the +10 falchion of Wunadaq {spect, rN+}
124399 | Vaults:5 | Killed an ancient lich
124522 | Vaults:5 | Got the Codex of the Gathered Snowflakes
124524 | Vaults:5 | Identified the +4 leather armour of Egri {Harm}
124580 | Vaults:5 | Got the Folio of Kindling and the Chill
124598 | Vaults:5 | Got the Handbook of Minerals and the Iceberg
124785 | Vaults:5 | Got a silver rune of Zot
124827 | Vaults:5 | Got the Compendium of Air and Frostbite
125185 | Vaults:5 | Identified the +0 pair of gloves of Wekhlel {Rampage rF++}
125300 | Vaults:5 | Bought a potion of might for 44 gold pieces
125300 | Vaults:5 | Bought a potion of haste for 110 gold pieces
125300 | Vaults:5 | Bought a potion of heal wounds for 55 gold pieces
125300 | Vaults:5 | Bought a potion of haste for 110 gold pieces
125300 | Vaults:5 | Bought a potion of brilliance for 44 gold pieces
125300 | Vaults:5 | Bought a potion of brilliance for 44 gold pieces
125300 | Vaults:5 | Bought a potion of lignification for 33 gold pieces
125553 | D:11     | Bought the ring of Nutheoc {Contam rElec AC+4 Str+6} for
                  | 855 gold pieces
125640 | D:9      | Bought a manual of Air Magic for 1040 gold pieces
125808 | Orc:2    | Bought a potion of resistance for 100 gold pieces
126072 | Depths:1 | Bought a +2 helmet of intelligence for 279 gold pieces
126540 | Snake:2  | Bought a scroll of blinking for 300 gold pieces
126937 | Zot:1    | Entered Level 1 of the Realm of Zot
128911 | Zot:2    | Noticed an orb of fire
128913 | Zot:2    | Gained mutation: Your body sometimes deteriorates upon
                  | taking damage. [an orb of fire]
128942 | Zot:2    | Gained mutation: Your body often deteriorates upon taking
                  | damage. [an orb of fire]
128956 | Zot:2    | Killed an orb of fire
129898 | Zot:2    | Reached skill level 25 in Fighting
131008 | Zot:2    | Identified the +2 leather armour of Lucidity {rF+++ Regen+
                  | MP+9 Str-4}
131857 | Zot:3    | Acquired 628 gold pieces
133618 | Zot:4    | Identified the +2 ring mail of Duty {Drain rF+ rC++}
133781 | Zot:4    | Identified the +6 quarterstaff "Toufacs" {venom, Fragile
                  | rC++ Stlth+}
133897 | Zot:5    | Entered Level 5 of the Realm of Zot
134964 | Zot:5    | Noticed a dread lich
134969 | Zot:5    | Killed a dread lich
135053 | Zot:5    | Noticed an orb of fire
135060 | Zot:5    | Killed an orb of fire
135068 | Zot:5    | Noticed an ancient lich
135085 | Zot:5    | Killed an ancient lich
135207 | Zot:5    | Learned a level 7 spell: Orb of Destruction
135214 | Zot:5    | Noticed an orb of fire
135233 | Zot:5    | Gained mutation: You are clumsy. (Dex -2) [an orb of fire]
135235 | Zot:5    | Killed an orb of fire
135860 | Zot:5    | Got the Orb of Zot
136636 | D:$      | Escaped with the Orb!

Illustrated notes #..# #.. #.. #.# #.# ###########.# #...........####### #...@.............> #...........########. #...........## #... #............# #.# #######.####.# #.# #..###.# #.## #..##..#####..# #.##........... #.....8..<..8.. Turn 4055 on D:4: !!! perfect teleport

!!! #.# #..### #
#.>[.## .# #.....##
#.# ####.S....##..##
##. ...............##
##..
................#####.
... ..!....@....#
........ ..
###.......### #......#
.# ##......##
##......# .##
#...?...###.......
..## #...##.........#
...## #...#
##........# ....##
#..# #...##...#
.....#####...
#...####..##
......N.#... #...#
##..#


Turn 66057 on Snake:3: !!! wow. second exp potion in snake !!!

Levels and vault maps discovered:
D:1:      mainiacjoe_arrival_reflecting_pool, layout_loops_ring, minmay_vboxes
D:2:      layout_loops_ring, minmay_small_reverse_x
D:3:      layout_basic, minmay_strange_pillars, dk_noncrumbling_4, uniq_grinder
D:4:      layout_rooms, grunt_temple_overflow_open, grunt_ministairs_15,
          uniq_edmund, uniq_ijyb
D:5:      layout_gridville, minmay_strange_pillars, grunt_ministairs_4,
          fountainhead
D:6:      layout_loops_ring, gammafunk_ghost_stat_death, uniq_prince_ribbit1
D:7:      layout_layer_cave, minmay_temple_entry_trees, serial_shops,
          nicolae_shop_behind_doors, dk_vineyard_1, eino_tiny_chamber
D:8:      layout_gridville, mainiacjoe_overflow_alcove_1, uniq_psyche
D:9:      layout_basic, special_room [special_room_bee], serial_shops, shop,
          minmay_stone_trees_small
D:10:     layout_roguey, erik_lair_dragon, grunt_ogre_cave
D:11:     layout_loops_cross, serial_shops, shop_fountains,
          kennysheep_little_box, kennysheep_mini_moat, shop,
          nicolae_shop_hallway_plus, nicolae_elemental_shop, st_stairs_2,
          uniq_josephine
D:12:     layout_big_octagon, orc_0_dummy
D:13:     layout_loops_corners, gammafunk_ghost_arena,
          portal_ice_cave_entry_ice_simulacra, kennysheep_generic_room_10,
          uniq_urug, uniq_kirke
D:14:     layout_rooms, david_vaults_2, special_room [special_room_orc],
          kennysheep_big_empty_room
D:15:     grunt_enter_depths_snipers, layout_irregular_city, dk_noncrumbling_3
Temple:   hellmonk_temple_of_storms
Lair:1:   layout_layer_cave, uniq_gastronok
Lair:2:   layout_loops_ring, minmay_snake_entry_six_corridors
Lair:3:   layout_hall_layers, swamp_mist, hellmonk_ghost_happy_afterlife
Lair:4:   layout_layer_cave, slime_entry_1, grunt_megastairs_1,
          serial_bayou_shore_b
Lair:5:   hellmonk_lair_end_abyssal_woods, layout_gridlike, nzn_ghost_randoct,
          lookout_lair_type
Swamp:1:  layout_basic_swamp, nicolae_swamp_tree_isthmus,
          infiniplex_staircase_pool_2, uniq_frances, uniq_louise
Swamp:2:  layout_falls_marsh, nicolae_swamp_little_tower, swamp_pool1,
          infiniplex_staircase_pool
Swamp:3:  layout_falls_marsh, nicolae_swamp_stair_fork, swamp_pool5
Swamp:4:  swamp_fiery, layout_basic_swamp, swamp_pool4
Snake:1:  layout_honeycomb, serial_shops, shop
Snake:2:  layout_gridlike, basic_altar, grunt_megastairs_5,
          serial_bayou_shore_b, lemuel_fruit_tree, minmay_shoptagon,
          serial_bayou_shore_a
Snake:3:  layout_layer_cave, uniq_mlioglotl
Snake:4:  johnstein_snake_rune_scales, layout_onion, uniq_aizul
Orc:1:    layout_diamond_mine, basic_altar, serial_shops, nicolae_shop_crystal
Orc:2:    hellmonk_orc_salted, layout_diamond_mine
Elf:1:    elf_arrival_001, layout_geoelf_octagon, minmay_elf_demonology,
          small_chamber_with_monster, minivault_16, minivault_25, drop_trap
Elf:2:    nicolae_elf_blades_crystal_corner, layout_geoelf_diagonals
Elf:3:    minmay_elf_hall_not_hex, layout_gridlike, serial_shops,
          nicolae_shop_statue_plus, nicolae_shop_gadgets,
          hangedman_decor_cross_pass
Vaults:1: v_misc_9, v_misc_32, ontoclasm_vaults_shout, grunt_vaults_diagonal,
          hangedman_vaults_restitches, v_misc_26, grunt_vaults_hallway_short,
          v_misc_22, v_misc_17, ontoclasm_vaults_ring_square, serial_ice_m,
          vaults_room_stairs_pillars, v_misc_30, v_pattern_1,
          layout_vaults_omnicross, serial_shops, nicolae_diamond_shop
Vaults:2: st_cross, nicolae_vaults_three_branches,
          nicolae_vaults_twisting_passages, nicolae_vaults_little_squares_5,
          v_rooms_2, v_alt_pattern_6, dpeg_vaults_monster_box, v_misc_9,
          layout_vaults_big_room, uniq_mara, uniq_boris, uniq_saint_roka
Vaults:3: infiniplex_enter_wizlab_spiral, minmay_crypt_entry_simple_box,
          hangedman_vaults_stream, vaults_dpeg_doors, ontoclasm_vaults_gallery,
          v_misc_27, hangedman_vaults_river_flow, hangedman_vaults_cutoff,
          vaults_dpeg_ring, nicolae_vaults_mini_display_case, v_misc_27,
          vaults_dpeg_spiral, layout_vaults_omnibox
Vaults:4: nicolae_vaults_network_periphery, v_rooms_5,
          vaults_room_grunt_arrival_ludios, v_misc_30, ontoclasm_vaults_fault,
          layout_vaults_omnigrid, serial_shops,
          nicolae_shop_bloodbath_and_beyond
Vaults:5
Depths:1: layout_honeycomb, enter_ziggurat_d, pan_entry, serial_shops,
          bzr_entry_customers, nemelex_lonely_heart_becter,
          grunt_hell_entry_dis_grunt, nicolae_concentric_dashed_squares_wild,
          kennysheep_generic_room_5, minmay_shop_star, serial_bayou_shore_b
Depths:2: minmay_the_grid_square_5x5_3x3
          [minmay_the_grid_square_5x5_pentomino_r,
          minmay_the_grid_square_5x5_broken_cross,
          minmay_the_grid_square_5x5_bracketed, minmay_the_grid_square_5x5_plus,
          minmay_the_grid_square_5x5_megaprize_diamond,
          minmay_the_grid_square_5x5_dogpile,
          minmay_the_grid_square_5x5_minimal, minmay_the_grid_square_5x5_lines,
          minmay_the_grid_square_5x5_eight], layout_basic,
          rand_demon_pan_entry_7, special_room [special_room_magic_class],
          ashenzari_conservatory_becter, hell_entry, serial_glass,
          glass_columns_a, glass_columns_b, glass_columns_a, glass_columns_a,
          minmay_misc_feat_tower, minmay_misc_feat_chi, uniq_asterion
Depths:3: cheibrodos_leafed_vault, layout_small_grid, abyss_entry,
          nicolae_qazlal_eye_of_the_storm, hell_entry
Depths:4: grunt_x_marks_the_spot, layout_gridlike, pf_hell_entry_tar_spiral,
          serial_rivers, chequers_serial_rivers_small_3,
          chequers_serial_rivers_micro_b, chequers_serial_rivers_micro_e,
          chequers_serial_rivers_micro_e, chequers_serial_rivers_small_3,
          lemuel_another_geyser
Zot:1:    layout_gridville
Zot:2:    minmay_elemental_castle, layout_gridlike, evilmike_ambush
          [evilmike_ambush_outer_corners, evilmike_ambush_inner_pond]
Zot:3:    layout_gridlike
Zot:4:    layout_twisted_circle
Zot:5:    layout_onion, st_stairs_11, hangedman_zot_decor_checkerboard

Skill      XL: |  1  2  3  4  5  6  7  8  9 10 11 12 13 14 15 16 17 18 19 20 21 22 23 24 25 26 27 |
---------------+----------------------------------------------------------------------------------+-----
Conjurations   | 1 2 3 4 5 6 7 8 9 10 12 | 12.5
Air Magic      | 3 4 5 6 7 8 9 10 14 | 14.0
Spellcasting   | 3 4 6 7 9 10 11 12 | 12.0
Fighting       | 1 3 6 7 9 10 12 13 14 15 16 17 18 19 20 22 23 24 25 | 25.2
Armour         | 1 2 4 5 7 8 9 10 11 12 13 14 | 14.1
Invocations    | 1 4 6 9 10 12 14 15 17 | 17.7
Polearms       | 2 5 8 10 12 14 | 14.0
Dodging        | 6 7 9 11 12 15 18 | 18.0
Ice Magic      | 2 3 5 7 8 9 10 11 | 11.0
Shields        | 3 5 7 9 11 13 14 | 14.1
Translocations | 2 |  2.0
Evocations     | 5 6 |  6.2
Stealth        | 4 6 8 |  8.6
Summonings     | 1 6 8 9 |  9.2
Hexes          | 1 5 7 9 |  9.8
Transmutations | 7 |  7.0

Action                   |  1- 3 |  4- 6 |  7- 9 | 10-12 | 13-15 | 16-18 | 19-21 | 22-24 | 25-27 || total
-------------------------+-------+-------+-------+-------+-------+-------+-------+-------+-------++-------
Melee: Dagger            |     4 |    12 |       |       |       |       |       |       |       ||    16
       Trident           |       |       |       |    45 |   330 |   426 |   571 |   368 |   175 ||  1915
       Tailslap          |       |       |       |     1 |       |       |       |     3 |    57 ||    61
       Staff             |       |       |       |       |       |       |    23 |    23 |       ||    46
       Demon trident     |       |       |       |       |       |       |       |  1195 |  1702 ||  2897
 Fire: Greatsling        |       |       |       |       |       |       |       |     3 |     2 ||     5
Throw: Dart              |       |       |     8 |    31 |    39 |       |       |     2 |       ||    80
       Boomerang         |       |       |       |       |     1 |       |       |       |       ||     1
       Throwing net      |       |       |       |       |       |       |       |       |     1 ||     1
 Cast: Shock             |    88 |   110 |   203 |   254 |   520 |   333 |   326 |    75 |       ||  1909
       Static Discharge  |     2 |    13 |    69 |   223 |   705 |   380 |   177 |    73 |       ||  1642
       Airstrike         |       |       |     1 |    38 |   106 |   119 |   181 |   238 |    59 ||   742
       Blink             |       |       |       |       |     1 |     2 |     1 |       |     1 ||     5
       Freezing Cloud    |       |       |       |       |       |   124 |   221 |   221 |   120 ||   686
       Hailstorm         |       |       |       |       |       |     1 |     4 |     2 |     9 ||    16
       Frozen Ramparts   |       |       |       |       |       |       |    63 |    48 |    13 ||   124
       Swiftness         |       |       |       |       |       |       |     1 |       |       ||     1
       Summon Lightning  |       |       |       |       |       |       |       |   109 |    36 ||   145
       Irradiate         |       |       |       |       |       |       |       |    16 |    25 ||    41
       Apportation       |       |       |       |       |       |       |       |     3 |     2 ||     5
       Summon Mana Viper |       |       |       |       |       |       |       |     4 |    99 ||   103
       Lightning Bolt    |       |       |       |       |       |       |       |    10 |    28 ||    38
Invok: Wall of Briars    |       |       |       |     6 |    12 |     4 |     9 |     7 |    11 ||    49
       Grow Ballistomyce |       |       |       |     2 |     5 |     2 |     2 |     1 |       ||    12
       Overgrow          |       |       |       |       |     1 |       |       |       |     3 ||     4
       Grow Oklob        |       |       |       |       |       |       |     2 |     3 |     6 ||    11
Evoke: Wand              |       |     5 |     6 |    11 |    23 |     7 |     9 |    24 |    27 ||   112
       Lightning rod     |       |       |       |       |     3 |       |     2 |       |       ||     5
       Condenser vane    |       |       |       |       |       |     1 |       |       |       ||     1
       Tin of tremorston |       |       |       |       |       |       |     2 |     2 |     2 ||     6
       Phantom mirror    |       |       |       |       |       |       |     1 |     1 |     1 ||     3
       Phial of floods   |       |       |       |       |       |       |       |       |     1 ||     1
  Use: Scroll            |       |     5 |    11 |     9 |     7 |     3 |     8 |    29 |    21 ||    93
       Potion            |       |       |       |       |     4 |     3 |     2 |     8 |    21 ||    38
 Stab: Confused          |       |       |       |       |     3 |     2 |       |       |       ||     5
       Distracted        |       |       |       |       |     1 |       |       |    23 |    29 ||    53
       Sleeping          |       |       |       |       |     2 |     5 |     4 |     3 |     5 ||    19
       Paralysed         |       |       |       |       |       |       |       |       |    20 ||    20
Armor: Robe              |     3 |       |       |       |       |       |       |       |       ||     3
       Leather armour    |     5 |    17 |    15 |       |       |       |       |       |       ||    37
       Ring mail         |       |       |    19 |    15 |       |       |       |       |       ||    34
       Troll leather arm |       |       |       |    28 |       |       |       |       |       ||    28
       Acid dragon scale |       |       |       |    61 |   454 |   142 |       |       |       ||   657
       Ice dragon scales |       |       |       |       |    52 |       |       |       |       ||    52
       Swamp dragon scal |       |       |       |       |       |    61 |   210 |   306 |       ||   577
       Fire dragon scale |       |       |       |       |       |       |       |   161 |   745 ||   906
       Skin              |       |       |       |       |       |       |       |       |     8 ||     8
Dodge: Dodged            |    23 |    29 |    57 |   174 |   550 |   384 |   308 |   531 |   700 ||  2756
Block: Buckler           |       |       |       |     4 |   242 |   221 |   151 |       |       ||   618
       Kite shield       |       |       |       |       |       |       |    76 |   613 |   816 ||  1505
